 Dungeon Crawl Stone Soup version 0.23.2-33-g5129a83184 (webtiles) character file.

Game seed: 3657000462210721105

24 FishyPogo the Skirmisher (level 2, -2/29 HPs)
             Began as a Troll Abyssal Knight on Aug 5, 2019.
             Was a Follower of Lugonu.
             Slain by an orc wizard
             ... wielding a +0 dagger
              (4 damage)
             ... on level 4 of the Dungeon.
             The game lasted 00:04:24 (789 turns).

FishyPogo the Skirmisher (Troll Abyssal Knight)      Turns: 789, Time: 00:04:25

Health: -2/29      AC:  9    Str: 19    XL:     2   Next: 79%
Magic:  2/2        EV: 10    Int:  8    God:    Lugonu [*.....]
Gold:   38         SH:  0    Dex:  9    Spells: 1/1 levels left

rFire    . . .     SeeInvis .   a - +1 hand axe
rCold    . . .     Gourm    +   (no shield)
rNeg     . . .     Faith    .   b - +0 robe
rPois    .         Spirit   .   (helmet restricted)
rElec    .         Reflect  .   (no cloak)
rCorr    .         Harm     .   (gloves unavailable)
MR       .....                  (boots unavailable)
Stlth    +.........             (no amulet)
HPRegen  0.49/turn              j - +3 ring of protection
MPRegen  0.08/turn              (no ring)

@: no status effects
A: large, unfitting armour, claws 3, fast metabolism 3, gourmand, regeneration
1, shaggy fur 1, tough skin 3
a: Depart the Abyss, Renounce Religion


You were on level 4 of the Dungeon.
You worshipped Lugonu.
Lugonu was aware of your devotion.
You were completely stuffed.

You visited 1 branch of the dungeon, and saw 3 of its levels.
You visited the Abyss 1 time.

You collected 38 gold pieces.

Inventory:

Hand Weapons
 a - a +1 hand axe (weapon)
Missiles
 d - 7 silver javelins
 e - 26 stones (quivered)
Armour
 b - a +0 robe (worn)
Jewellery
 j - a +3 ring of protection (left claw)
Potions
 k - a potion of magic
Comestibles
 c - 3 rations
 l - 2 chunks of flesh


   Skills:
 + Level 2.7 Fighting
 * Level 2.1 Axes
 - Level 2.0 Dodging
 + Level 1.9 Invocations


You had one spell level left.
You didn't know any spells.
Your spell library was empty.

Dungeon Overview and Level Annotations

Branches:
Dungeon (2/15)

Altars:


Innate Abilities, Weirdness & Mutations

You are too large for most types of armour.
You have claws for hands.
Your metabolism is lightning-fast.
You like to eat raw meat.
Your natural rate of healing is unusually fast.
You are covered in fur. (AC +1)
You have extremely tough skin. (AC +3)


Message History

The orc wizard hits you but does no damage.
The orc wizard barely misses you. The orc barely misses you.
The orc priest hits you with a +0 dagger.
* * * LOW HITPOINT WARNING * * *
You hit the orc wizard but do no damage.
The orc wizard is lightly wounded.
You hit the orc.
You kill the orc!
Lugonu accepts your kill.
You completely miss the orc priest.
The orc wizard hits you but does no damage.
The orc priest hits you but does no damage.
The orc wizard hits you but does no damage.
You hit the orc wizard.
The orc wizard is moderately wounded.
You barely miss the orc priest. You hit the orc.
The orc wizard hits you but does no damage.
The orc priest misses you. The orc closely misses you.
The orc wizard hits you with a +0 dagger.
You die...

*,*,,,,,* *,,,**** **,*,,,,**,,,,
*,*,,,,,* *,,,* *,,,,,**,*,,,
*,,,,,,,* *,,,* *,,,,**,,*,,,
***,,,,,* #,,,* *,,,**,,,****
**+**,* #.,,* *,,**,,,,* *,,,,*
#..,* ****,,,,*****
****,****##...#########,,,,,,,,,*
,,,,,,,,,......ooo....#.,,,,,,,,,
***,,,,,,,,,,,*#@.......,,,*,**,*
*,,,,,,,,,***#........,,,*,**,*
*,,,,,,,,,* #........,,,*,**,*
**,,,,,,*** #########,,**,**,*
*********,* *,,**,**,* ,,,,* *,*
**,**,**,* ,,,,*****,****
*,,*,**,* <,,,+,,,,,,,,*
**,*,**,* ,,,,*****,**+********
***,*,**,*


You could see an orc priest, an orc wizard and an orc.

Vanquished Creatures
  A dart slug (D:1)
  2 orcs (D:4)
  3 giant cockroaches (D:1)
  3 goblins (D:1)
  2 hobgoblins (D:1)
  A bat (D:1)
  3 frilled lizards (D:1)
  2 kobolds (D:1)
  2 rats (D:1)
  A plant (D:1)
20 creatures vanquished.

Notes
Turn   | Place    | Note
-------+----------+-------------------------------------------
     0 | Abyss:1  | FishyPogo the Troll Abyssal Knight began the quest for the
                  | Orb.
     0 | Abyss:1  | Reached XP level 1. HP: 22/22 MP: 1/1
    58 | Abyss:1  | Noticed a demonic crawler
    59 | Abyss:1  | Noticed a wraith
    70 | Abyss:1  | Noticed a starcursed mass
    71 | D:1      | Escaped the Abyss
   282 | D:1      | Reached * piety under Lugonu
   382 | D:1      | Reached XP level 2. HP: 29/29 MP: 2/2
   775 | D:2      | You fall through a shaft for 2 floors!
   787 | D:4      | HP: 1/29 [orc priest/+0 dagger (3)]
   789 | D:4      | Slain by an orc wizard

Skill      XL: |  1  2 |
---------------+-------+-----
Dodging        | 2 |  2.0
Axes           | 2 |  2.1
Fighting       | |  2.7
Invocations    | |  1.9

Action                   || total
-------------------------++-------
Melee: Hand axe          ||    86
Invok: Depart the Abyss  ||     1
  Use: Potion            ||     3
       Scroll            ||     2
  Eat: Chunk             ||    13
Armor: Robe              ||    36
Dodge: Dodged            ||    34
